 Dungeon Sprint DCSS version 0.24-a0-486-ged8816983f (webtiles) character file.

Game seed: 12043418838756267651

11300000 gruber the Axe Maniac (level 27, -6/298 HPs)
             Began as a Deep Dwarf Berserker on July 9, 2019.
             Was the Champion of Makhleb.
             Killed from afar by a large bag of meat (24 damage)
             ... with an exploding inner flame
             ... in the Dungeon (Sprint VIII: "Arena of Blood").
             The game lasted 00:05:38 (113 turns).

gruber the Axe Maniac (Deep Dwarf Berserker)         Turns: 113, Time: 00:05:39

Health: -6/298     AC:  4    Str: 24    XL:     27
Magic:  36/54      EV: 34    Int: 10    God:    Makhleb [******]
Gold:   0          SH:  0    Dex: 20    Spells: 80/80 levels left

rFire    . . .     SeeInvis .   j - +∞ Axe of Woe
rCold    . . .     Gourm    .   (shield currently unavailable)
rNeg     + . .     Faith    .   b - +0 animal skin
rPois    .         Spirit   .   (no helmet)
rElec    .         Reflect  .   (no cloak)
rCorr    .         Harm     .   (no gloves)
MR       ++++.     NoTele   +   (no boots)
Stlth    +++++++++.             (no amulet)
HPRegen  0.00/turn              (no ring)
MPRegen  0.34/turn              (no ring)

@: non-regenerating, drained
A: damage resistance, heal wounds, negative energy resistance 1, sense
surroundings 3, no regeneration
a: Heal Wounds, Minor Destruction, Lesser Servant of Makhleb, Major Destruction,
Greater Servant of Makhleb, Renounce Religion


You were in the Dungeon.
You worshipped Makhleb.
Makhleb was exalted by your worship.
You were not hungry.

You visited 1 branch

Inventory:

Hand Weapons
 a - a +0 hand axe
 j - the +∞ Axe of Woe (weapon)
   (You found it in the Dungeon)
Armour
 b - a +0 animal skin (worn)
Scrolls
 i - a scroll of blinking
Potions
 d - a potion of curing
 e - a potion of heal wounds
 f - a potion of haste
 g - 2 potions of magic
 h - a potion of berserk rage
Comestibles
 c - a ration


   Skills:
 O Level 27(25.7) Fighting
 O Level 27(25.7) Axes
 O Level 27(25.7) Throwing
 O Level 27(25.7) Armour
 O Level 27(25.7) Dodging
 O Level 27(25.7) Stealth
 O Level 27(25.7) Unarmed Combat
 O Level 27(25.7) Spellcasting
 O Level 27(25.7) Invocations


You had 80 spell levels left.
You didn't know any spells.
Your spell library was empty.

Dungeon Overview and Level Annotations

Branches:
Dungeon (1/1)

Altars:
Makhleb


Innate Abilities, Weirdness & Mutations

You are resistant to damage.
You can heal yourself by infusing magical energy.
You resist negative energy. (rN+)
You passively map a large area around you.
You do not regenerate.


Message History

You hear a shout! x3
The accursed points at you and mumbles some strange words.
Something smites you!
* * * LOW HITPOINT WARNING * * *
The meat berserker is engulfed in blazing flames.
You hear a shout!
A bolt of negative energy appears from out of thin air!
The bolt of negative energy hits you!! You partially resist.
You feel drained.
* * * LOW HITPOINT WARNING * * *
You hear a shout!
The accursed gestures at you while chanting.
Something smites you!
* * * LOW HITPOINT WARNING * * *
You hear a shout!
A meat berserker comes into view. It is wielding a +9 battleaxe.
You slice the large bag of meat!!
You dissect the large bag of meat like a pig carcass.
The large bag of meat explodes!
The fiery explosion engulfs you!!
You die...

........#.#.... ,,
.%.........%%.... *
, * ,
.................
,, , ,,,,
,#........X%.XX%..
, ,,
,............... ,,
, ,,
...W.M..XXWX.X., ,,
* #%.§§XLX# , , ,.
, #.)§§Xx○# , ,
.%§###.)@§§xO###.,
,
......))###)oo%...
,, ,
#.....%)°§.O......
, ,,
......#.§§..#o....
*
....V.#z§§._#.....,
, * , ..... #)).%.#
.... *
,#%....M))_..z.....
, , , ,
,%......O###...o...
, , , ...###.Do
..###. , ,


You could see 2 accurseds, 7 tentacled monstrosities, a tyrant, a destroyer, a
sculptor of flesh, 3 large abominations, 2 dreads, 2 meat berserkers, a small
abomination, 2 bags of meat and a crawling corpse.

Vanquished Creatures
  Sigmund (D)
  7 hell beasts (D)
  5 greater mummies (D)
  6 great orbs of eyes (D)
  3 wraiths (D)
  15 vampire knights (D)
  38 ogres (D)
  7 two-headed ogres (D)
  8 liches (D)
  2 hydras (D)
  64 orcs (D)
  6 phantoms (D)
  6 skeletal warriors (D)
  7 large abominations (D)
  9 small abominations (D)
  12 crawling corpses (D)
196 creatures vanquished.

Vanquished Creatures (others)
  7 crawling corpses (D)
7 creatures vanquished.

Grand Total: 203 creatures vanquished

Notes
Turn   | Place    | Note
-------+----------+-------------------------------------------
     0 | D        | Found the +∞ Axe of Woe
     0 | D        | gruber the Deep Dwarf Berserker began the quest for the
                  | Orb.
     0 | D        | Reached XP level 1. HP: 20/20 MP: 1/1
     2 | D        | Noticed a bag of meat
     3 | D        | Noticed a bag of meat
     4 | D        | Fell from the grace of Trog
     4 | D        | Became a worshipper of Makhleb the Destroyer
     5 | D        | Noticed a bag of meat
     5 | D        | Noticed a bag of meat
     7 | D        | Noticed a bag of meat
     7 | D        | Noticed a bag of meat
     8 | D        | Killed a bag of meat
     8 | D        | Reached skill level 27 in Axes
     8 | D        | Reached XP level 2. HP: 27/27 MP: 2/2
     8 | D        | Reached XP level 3. HP: 33/33 MP: 3/3
     8 | D        | Reached XP level 4. HP: 40/40 MP: 4/4
     8 | D        | Reached XP level 5. HP: 46/46 MP: 5/5
     8 | D        | Reached XP level 6. HP: 55/55 MP: 6/6
     8 | D        | Reached XP level 7. HP: 61/61 MP: 7/7
     8 | D        | Reached XP level 8. HP: 68/68 MP: 8/8
     8 | D        | Gained mutation: You passively map the area around you.
                  | [Deep Dwarf growth]
     8 | D        | Reached XP level 9. HP: 74/74 MP: 9/9
     8 | D        | Reached XP level 10. HP: 81/81 MP: 10/10
     8 | D        | Reached XP level 11. HP: 88/88 MP: 11/11
     8 | D        | Noticed a bag of meat
     9 | D        | Killed a bag of meat
     9 | D        | Reached * piety under Makhleb
     9 | D        | Reached XP level 12. HP: 96/96 MP: 11/27
     9 | D        | Noticed a meat berserker
     9 | D        | Noticed a meat berserker
    10 | D        | Killed a bag of meat
    10 | D        | Reached skill level 5 in Armour
    10 | D        | Reached XP level 13. HP: 130/130 MP: 11/28
    11 | D        | Noticed a bag of meat
    12 | D        | Killed a bag of meat
    12 | D        | Gained mutation: You resist negative energy. (rN+) [Deep
                  | Dwarf growth]
    12 | D        | Reached XP level 14. HP: 151/151 MP: 11/29
    12 | D        | Noticed a bag of meat
    12 | D        | Noticed a bag of meat
    13 | D        | Killed a bag of meat
    13 | D        | Reached ** piety under Makhleb
    13 | D        | Killed a bag of meat
    13 | D        | Reached skill level 10 in Armour
    13 | D        | Reached XP level 15. HP: 172/172 MP: 11/30
    15 | D        | Killed a meat berserker
    15 | D        | Reached *** piety under Makhleb
    15 | D        | Reached XP level 16. HP: 199/199 MP: 11/31
    17 | D        | Killed a meat berserker
    17 | D        | Reached skill level 27 in Fighting
    19 | D        | Reached XP level 17. HP: 208/208 MP: 12/32
    20 | D        | Reached **** piety under Makhleb
    20 | D        | Reached skill level 27 in Dodging
    22 | D        | Noticed a large bag of meat
    25 | D        | Noticed a meat berserker
    25 | D        | Noticed a meat berserker
    26 | D        | Noticed a large bag of meat
    26 | D        | Noticed a meat berserker
    28 | D        | Killed a large bag of meat
    28 | D        | Reached skill level 27 in Armour
    28 | D        | Gained mutation: You passively map a large area around you.
                  | [Deep Dwarf growth]
    28 | D        | Reached XP level 18. HP: 218/218 MP: 14/33
    29 | D        | Noticed an eight-headed meat hydra
    29 | D        | Noticed a meat berserker
    29 | D        | Noticed a meat berserker
    30 | D        | Killed a meat berserker
    30 | D        | Reached skill level 27 in Stealth
    30 | D        | Killed a meat berserker
    30 | D        | Reached skill level 27 in Invocations
    30 | D        | Reached XP level 19. HP: 226/226 MP: 14/36
    31 | D        | Killed a large bag of meat
    31 | D        | Reached ***** piety under Makhleb
    31 | D        | Killed a meat berserker
    31 | D        | Reached skill level 5 in Throwing
    31 | D        | Reached skill level 5 in Unarmed Combat
    33 | D        | Killed a meat berserker
    33 | D        | Reached skill level 27 in Spellcasting
    33 | D        | Reached XP level 20. HP: 177/236 MP: 15/51
    34 | D        | Noticed a destroyer
    35 | D        | Reached skill level 15 in Throwing
    35 | D        | Reached skill level 15 in Unarmed Combat
    35 | D        | Killed a meat berserker
    36 | D        | Reached ****** piety under Makhleb
    36 | D        | Noticed a meat berserker
    37 | D        | Reached XP level 21. HP: 196/244 MP: 16/52
    37 | D        | Noticed a destroyer
    41 | D        | Noticed a destroyer
    42 | D        | Killed a destroyer
    42 | D        | Killed a destroyer
    42 | D        | Reached skill level 27 in Throwing
    42 | D        | Reached skill level 27 in Unarmed Combat
    42 | D        | Reached XP level 22. HP: 254/254 MP: 17/53
    43 | D        | Noticed a destroyer
    44 | D        | Killed a destroyer
    44 | D        | Reached XP level 23. HP: 262/262 MP: 18/54
    46 | D        | Noticed a destroyer
    47 | D        | Noticed a destroyer
    49 | D        | Killed a destroyer
    49 | D        | Reached XP level 24. HP: 272/272 MP: 19/54
    49 | D        | Killed a destroyer
    49 | D        | Noticed a destroyer
    50 | D        | Killed a destroyer
    50 | D        | Reached XP level 25. HP: 280/280 MP: 19/54
    51 | D        | Noticed a tyrant
    53 | D        | Noticed a tyrant
    53 | D        | Killed a destroyer
    54 | D        | Reached XP level 26. HP: 290/290 MP: 21/54
    54 | D        | Noticed a tyrant
    54 | D        | Noticed a tyrant
    56 | D        | Noticed an accursed
    56 | D        | Noticed a large bag of meat
    57 | D        | Noticed a large bag of meat
    59 | D        | Killed a tyrant
    60 | D        | Reached XP level 27. HP: 298/298 MP: 22/54
    60 | D        | Noticed a tyrant
    61 | D        | Noticed a meat beast
    62 | D        | Noticed a tyrant
    64 | D        | Killed a tyrant
    65 | D        | Noticed a meat beast
    66 | D        | Killed a tyrant
    66 | D        | Killed a large bag of meat
    66 | D        | Killed a meat beast
    66 | D        | Noticed a destroyer
    67 | D        | Killed a large bag of meat
    67 | D        | Killed a tyrant
    67 | D        | Noticed a meat beast
    67 | D        | Noticed an accursed
    67 | D        | Noticed a destroyer
    67 | D        | Noticed a destroyer
    69 | D        | Noticed a large bag of meat
    69 | D        | Noticed a large bag of meat
    70 | D        | Killed a meat beast
    70 | D        | Killed a destroyer
    71 | D        | Killed an accursed
    72 | D        | Killed a tyrant
    72 | D        | Killed a meat beast
    72 | D        | Killed a destroyer
    72 | D        | Noticed a tyrant
    75 | D        | Killed a destroyer
    75 | D        | Killed a tyrant
    76 | D        | Noticed a dread
    78 | D        | Noticed a meat beast
    78 | D        | Killed a large bag of meat
    78 | D        | Killed a large bag of meat
    81 | D        | Noticed a destroyer
    82 | D        | Noticed an accursed
    83 | D        | Noticed a meat beast
    84 | D        | Killed a tyrant
    84 | D        | Noticed The Captor
    85 | D        | Killed a meat beast
    85 | D        | Killed a destroyer
    85 | D        | Noticed a meat beast
    86 | D        | Noticed an accursed
    88 | D        | Killed a meat beast
    88 | D        | Noticed a destroyer
    90 | D        | Noticed a destroyer
    90 | D        | Killed a dread
    90 | D        | Killed a destroyer
    90 | D        | Noticed a dread
    91 | D        | Killed The Captor
    92 | D        | Killed a meat beast
    93 | D        | Noticed a large bag of meat
    93 | D        | Noticed a large bag of meat
    93 | D        | Noticed a dread
    94 | D        | Killed an accursed
    95 | D        | Killed an accursed
    95 | D        | Killed a destroyer
    95 | D        | Noticed a meat beast
    97 | D        | Noticed a tyrant
    97 | D        | Killed an accursed
    97 | D        | Noticed a destroyer
    98 | D        | Killed a dread
    98 | D        | Noticed a destroyer
   100 | D        | Noticed an accursed
   100 | D        | Killed a meat beast
   100 | D        | Killed a destroyer
   101 | D        | Noticed an accursed
   102 | D        | Noticed a tyrant
   103 | D        | Killed a destroyer
   103 | D        | Noticed a dread
   105 | D        | Killed a tyrant
   105 | D        | Killed a dread
   106 | D        | Killed an accursed
   106 | D        | Killed a large bag of meat
   107 | D        | Noticed a large bag of meat
   110 | D        | Noticed a destroyer
   110 | D        | Noticed a dread
   111 | D        | Noticed an accursed
   113 | D        | Killed a large bag of meat
   113 | D        | Killed from afar by a large bag of meat

Levels and vault maps discovered:
D:        meatsprint

Skill      XL: |  1  2  3  4  5  6  7  8  9 10 11 12 13 14 15 16 17 18 19 20 21 |
---------------+----------------------------------------------------------------+-----
Axes           | 27 | 27.0
Invocations    | 22 23 27 | 27.0
Fighting       | 12 16 21 26 27 | 27.0
Armour         | 5 8 10 13 19 27 | 27.0
Dodging        | 8 11 14 18 25 27 | 27.0
Stealth        | 17 27 | 27.0
Throwing       | 2 8 21 27 | 27.0
Unarmed Combat | 2 8 21 27 | 27.0
Spellcasting   | 13 27 | 27.0

Action                   |  1- 3 |  4- 6 |  7- 9 | 10-12 | 13-15 | 16-18 | 19-21 | 22-24 | 25-27 || total
-------------------------+-------+-------+-------+-------+-------+-------+-------+-------+-------++-------
Melee: Executioner's axe |     1 |       |       |     2 |     4 |     6 |     9 |     6 |    53 ||    81
Invok: Lesser Servant of |       |       |       |       |       |     1 |       |       |       ||     1
       Greater Servant o |       |       |       |       |       |       |       |       |     2 ||     2
       Major Destruction |       |       |       |       |       |       |       |       |     1 ||     1
Armor: Animal skin       |       |       |       |       |       |       |       |       |     1 ||     1
Dodge: Dodged            |       |       |       |       |       |     1 |       |       |     8 ||     9

Table legend:
 A = Non-vault XP
 B = Vault XP
 C = Vault XP percentage of total XP
 D = Non-vault monster count
 E = Vault monster count
 F = Vault count percentage of total count
                 A         B        C        D         E       F
            +---------+---------+-------+---------+---------+-------
      Total | 4283224 | 1319902 |  23.6 |     110 |      74 |  40.2
            +---------+---------+-------+---------+---------+-------
          D | 4283224 | 1319902 |  23.6 |     110 |      74 |  40.2
            +---------+---------+-------+---------+---------+-------
